 Dungeon Crawl Stone Soup version 0.29.1-13-g9f3cf754e1 (webtiles) character file.

Game seed: 9550838082689137352

11 Thatpatchoflichen the Chiller (level 2, -2/27 HPs)
             Began as an Ogre Ice Elementalist on Jan 29, 2023.
             Succumbed to a goblin's poison
             ... on level 1 of the Dungeon.
             The game lasted 00:02:17 (480 turns).

Thatpatchoflichen the Chiller (OgIE)                 Turns: 480, Time: 00:02:17

Health: -2/27      AC:  3    Str: 11    XL:     2   Next: 29%
Magic:  5/5        EV: 10    Int: 16    God:
Gold:   16         SH:  0    Dex:  9    Spells: 5/6 levels left

rFire   . . .      SeeInvis .   (no weapon)
rCold   . . .      Faith    .   (no shield)
rNeg    . . .      Spirit   .   a - +0 robe
rPois   .          Reflect  .   (helmet restricted)
rElec   .          Harm     .   (no cloak)
rCorr   .          Rampage  .   (gloves unavailable)
Will    .....                   (boots unavailable)
Stlth   +.........              (no amulet)
HPRegen 0.09/turn               (no ring)
MPRegen 0.09/turn               (no ring)

@: lethally poisoned (-2 -> -20)
A: large, unfitting armour, tough skin 1
a: no special abilities


You were on level 1 of the Dungeon.
You visited 1 branch of the dungeon, and saw 2 of its levels.

You collected 16 gold pieces.

Inventory:

Missiles
 f - 6 poisoned darts
Armour
 a - a +0 robe (worn)
Scrolls
 c - a scroll of magic mapping {unknown}
Potions
 b - a potion of magic
 d - a potion of curing {unknown}
 e - a potion of cancellation {unknown}


   Skills:
 * Level 1.0 Fighting
 + Level 2.1 Dodging
 - Level 1.4 Stealth
 + Level 2.5 Spellcasting
 + Level 3.8 Ice Magic


You had 5 spell levels left.
You knew the following spells:

 Your Spells              Type           Power      Damage    Failure   Level
a - Freeze                Ice            56%        1d7       4%          1

Your spell library contained the following spells:

 Spells                   Type           Power      Damage    Failure   Level
 Frozen Ramparts          Ice            28%        1d5       12%         3
 Ozocubu's Armour         Ice            14%        N/A       12%         3
 Hailstorm                Conj/Ice       8%         3d4       65%         4


Dungeon Overview and Level Annotations

Branches:
Dungeon (2/15)

Altars:


Innate Abilities, Weirdness & Mutations

You are too large for most types of armour.
You have tough skin. (AC +1)


Message History

You hit the dart slug.
The dart slug is lightly wounded.
The bat closely misses you. The dart slug launches a dart at you.
The slug dart hits you but does no damage.
The bat completely misses you. The bat hits you but does no damage.
The dart slug closely misses you. The bat barely misses you.
The dart slug launches a dart at you. The slug dart misses you.
The goblin hits you but does no damage.
You are poisoned.
You hit the goblin but do no damage.
You feel sick. The goblin hits you but does no damage.
You are more poisoned.
The dart slug bites you but does no damage.
You barely miss the goblin.
You feel very sick.
The goblin hits you with a +1 dagger of venom.
You are lethally poisoned!
The dart slug barely misses you.
You barely miss the goblin.
You feel very sick. The goblin barely misses you.
You barely miss the goblin.
You feel very sick. The goblin hits you but does no damage.
The dart slug launches a dart at you. The slug dart hits you.
* * * LOW HITPOINT WARNING * * *
You closely miss the goblin.
* * * LOW HITPOINT WARNING * * *
You feel sick. The goblin hits you but does no damage.
You are more poisoned.
The dart slug launches a dart at you. The slug dart hits you.
* * * LOW HITPOINT WARNING * * *
Unknown command.
Unknown command.
You die...

#...##......
#######...##...###
#..........#...# # #
#..........#...# # .#.
#..........#...### ....
#.................
#..###........#...#.#..
###.#..#.........#.#...#.
......g.@.....#...#.....#
########w......#..#.....#
......b...#..[###..)..#
...........#..#..#...#.
...(........###...#.#..
..?........#...#...#...
..........#.....#.. ..#
......)........).## ##.
.[........#.....# #


You could see a dart slug, a goblin and a bat.

Vanquished Creatures
  A dart slug (D:1)
  An endoplasm (D:1)
  3 giant cockroaches (D:1)
  A goblin (D:1)
  2 bats (D:1)
  A kobold (D:1)
9 creatures vanquished.

Notes
Turn   | Place    | Note
-------+----------+-------------------------------------------
     0 | D:1      | Thatpatchoflichen the Ogre Ice Elementalist began the quest
                  | for the Orb.
     0 | D:1      | Reached XP level 1. HP: 16/16 MP: 3/3
   208 | D:1      | Reached skill level 1 in Fighting
   208 | D:1      | Reached XP level 2. HP: 21/27 MP: 2/5
   480 | D:1      | Succumbed to a goblin's poison

Illustrated notes

Levels and vault maps discovered:
D:1:      saegor_arrival_miasma, layout_basic, minmay_splitting_lines,
          minmay_misc_feat_rugged
D:2:      kennysheep_the_goblin_king, layout_basic, hangedman_decor_push,
          hangedman_decor_growths, minivault_4, kennysheep_jessica_study,
          uniq_jessica

Skill      XL: |  1  2 |
---------------+-------+-----
Fighting       | 1 |  1.0
Dodging        | 2 |  2.1
Stealth        | |  1.4
Spellcasting   | |  2.5
Ice Magic      | |  3.8

Action                   || total
-------------------------++-------
Melee: Unarmed           ||    28
 Cast: Freeze            ||    17
Armor: Robe              ||    61
Dodge: Dodged            ||    63
